 Dungeon Crawl Stone Soup version 0.30-a0-585-g93115170b9 (webtiles) character file.

Game seed: 8606367217695840023

96 Dartaoz the Slasher (level 4, 0/40 HPs)
             Began as a Minotaur Berserker on Jan 2, 2023.
             Was a Believer of Trog.
             Splashed by a jelly's acid (4 damage)
             ... on level 3 of the Dungeon.
             The game lasted 00:16:38 (1917 turns).

Dartaoz the Slasher (Minotaur Berserker)            Turns: 1917, Time: 00:16:39

Health: 0/40       AC:  0    Str: 21    XL:     4   Next: 41%
Magic:  3/3        EV: 12    Int:  4    God:    Trog [**....]
Gold:   156        SH:  0    Dex: 12    Spells: 3/3 levels left

rFire   . . .      SeeInvis .    a - +0 falchion
rCold   . . .      Faith    .    (no shield)
rNeg    . . .      Spirit   .    f - +0 leather armour
rPois   .          Reflect  .    (helmet restricted)
rElec   .          Harm     .    (no cloak)
rCorr   .          Rampage  .    (no gloves)
Will    .....                    d - +0 pair of boots
Stlth   +                        (no amulet)
HPRegen 0.26/turn                (no ring)
MPRegen 0.08/turn                (no ring)

@: corroded
A: horns 2, retaliatory headbutt
a: Renounce Religion, Berserk, Trog's Hand


You were on level 3 of the Dungeon.
You worshipped Trog.
Trog was pleased with you.
You visited 1 branch of the dungeon, and saw 3 of its levels.

You collected 156 gold pieces.

Inventory:

Hand Weapons
 a - a +0 falchion (weapon)
Missiles
 k - 4 poisoned darts (quivered)
Armour
 b - a +0 animal skin
 d - a +0 pair of boots (worn)
 f - a +0 leather armour (worn)
Jewellery
 e - a ring of willpower
 j - a ring of protection from fire
 m - a ring of fire
Scrolls
 c - a scroll of immolation {unknown}
 g - a scroll of enchant weapon {unknown}
 h - 2 scrolls of identify {unknown}
 i - a scroll of fear {unknown}
 l - 2 scrolls of teleportation {unknown}
 n - a scroll of enchant armour {unknown}
Potions
 o - a potion of resistance {unknown}
 p - a potion of experience {unknown}
 q - 2 potions of degeneration {unknown}


   Skills:
 + Level 4.3 Fighting
 * Level 4.9 Long Blades
 + Level 3.3 Armour
 + Level 3.0 Dodging


You had 3 spell levels left.
You didn't know any spells.
Your spell library contained the following spells:

 Spells                   Type           Power      Damage    Failure   Level
 Hailstorm                Conj/Ice       0%         3d3       89%         3
 Ice Form                 Ice/Tmut       0%         N/A       100%        4
 Simulacrum               Ice/Necr       0%         N/A       100%        6


Dungeon Overview and Level Annotations

Branches:
Dungeon (3/15)

Altars:

Shops:
D:3 [


Innate Abilities, Weirdness & Mutations

You have a pair of horns on your head.
You reflexively headbutt those who attack you in melee.


Message History

* * * LOW HITPOINT WARNING * * *
You hit the gnoll.
The gnoll is almost dead.
The gnoll barely misses you. You furiously retaliate!
You headbutt the gnoll!
You kill the gnoll!
Trog accepts your kill.
You start resting.
You hear a distant slurping noise.
A gnoll comes into view. It is wielding a +0 flail.
The jelly quivers.
You hit the jelly.
Your hands burn!
The jelly is lightly wounded.
The jelly closely misses you.
You hit the jelly.
Your hands burn!
The jelly is moderately wounded.
The jelly hits you but does no damage.
You are too injured to fight recklessly!
You are too injured to fight recklessly!
You are too injured to fight recklessly!
You are too injured to fight recklessly!
You hit the jelly. The acid corrodes you!
Your hands burn!
You headbutt the jelly, but do no damage.
The jelly is heavily wounded.
The jelly barely misses you.
You hit the jelly but do no damage.
Your hands burn!
The jelly is heavily wounded.
The jelly hits you.
You are splashed with acid.
* * * LOW HITPOINT WARNING * * *
You hit the jelly. The acid corrodes you!
Your hands burn!
* * * LOW HITPOINT WARNING * * *
You headbutt the jelly, but do no damage.
The jelly is heavily wounded.
The jelly barely misses you.
You hit the jelly.
Your hands burn!
* * * LOW HITPOINT WARNING * * *
You headbutt the jelly.
The jelly is severely wounded.
The jelly misses you.
You hit the jelly.
Your hands burn!
You die...

##.##### ... ......###..
.#....... #. # J......# .. .#
#......#
##.###.######......#########
...... ................g...
#######.#.##########.##..........
....†...........@J...##).....####
#####.#...#########...)......####
+.....)...#.......#.###.........#
###.#.........[.....# #....∩....#
........#.#.....#.### #.........#
#.............#.#.# #.........#
#.#.......#...#.#.# ###########
#.#.......#...#.#.#
#.#.##..........#.#


You could see a jelly.

Vanquished Creatures
  An adder (D:2)
  3 gnolls
  A worm (D:2)
  A dart slug (D:1)
  6 ball pythons
  6 endoplasms
  A giant cockroach (D:1)
  3 hobgoblins
  4 quokkas
  8 bats
  A frilled lizard (D:1)
  6 goblins
  A kobold (D:2)
  12 rats
54 creatures vanquished.

Vanquished Creatures (others)
  A plant (D:1)
1 creature vanquished.

Grand Total: 55 creatures vanquished

Notes
Turn   | Place    | Note
-------+----------+-------------------------------------------
     0 | D:1      | Dartaoz the Minotaur Berserker began the quest for the Orb.
     0 | D:1      | Reached XP level 1. HP: 19/19 MP: 0/0
   177 | D:1      | Reached XP level 2. HP: 27/27 MP: 1/1
   646 | D:1      | Reached XP level 3. HP: 33/33 MP: 2/2
   754 | D:1      | Reached ** piety under Trog
  1293 | D:2      | Found a faded altar of an unknown god.
  1321 | D:2      | Reached XP level 4. HP: 34/40 MP: 3/3
  1799 | D:3      | Found Motrou's Antique Armour Boutique.
  1917 | D:3      | Splashed by a jelly's acid

Illustrated notes

Levels and vault maps discovered:
D:1:      minmay_arrival_four_loops, layout_basic, minmay_misc_feat_encased,
          serial_bayou_ford_a, kennysheep_pointless_box
D:2:      layout_basic, shapermc_ecumenical_altar_starsandcircs, st_stairs_6,
          kennysheep_crisscross
D:3:      layout_basic, serial_shops, shop, goddamned_bats, uniq_natasha

Skill      XL: |  1  2  3  4 |
---------------+-------------+-----
Long Blades    | 4 |  4.9
Fighting       | 4 |  4.3
Armour         | 3 |  3.3
Dodging        | 3 |  3.0

Action                   |  1- 3 |  4- 6 || total
-------------------------+-------+-------++-------
Melee: Falchion          |    97 |    34 ||   131
       Headbutt          |    10 |     6 ||    16
  Use: Potion            |     3 |       ||     3
Armor: Animal skin       |     8 |       ||     8
       Leather armour    |    14 |     9 ||    23
Dodge: Dodged            |    71 |    20 ||    91

Table legend: (Time is in decaauts)
 A = Elapsed time spent in this place.
 B = Non-inter-level travel time spent in this place.
 C = Inter-level travel time spent in this place.
 D = Time resting spent in this place.
 E = Time spent auto-exploring this place.
 F = Levels seen in this place.
 G = Mean time per level.
                   A        B        C        D        E       F      G
               +--------+--------+--------+--------+--------+-----+--------+
         Total |   1927 |   1911 |     16 |    283 |   1204 |   3 |  642.3 |
       Dungeon |   1927 |   1911 |     16 |    283 |   1204 |   3 |  642.3 |
               +--------+--------+--------+--------+--------+-----+--------+

Top non-repeatable levels by time:
     D:1: 1100 daAuts
     D:2: 643 daAuts
     D:3: 184 daAuts
